EVO
UNIVERSITY OF SOUTH CAROLINA GAMECOCKS @ FRESNO STATE UNIVERSITY BULLDOGS
10/18/2047
 
TOP OF THE 1ST
University of South Carolina Gamecocks batting - Pitching for Fresno State University Bulldogs : RHP Dave Heck
Pitching: RHP Dave Heck
Batting: RHB Justin Kurutz 0-0: Called Strike
0-1: Ball
1-1: Ground out 1-3 (Groundball, 15S, EV 70.0 MPH)
Batting: LHB Bert Webster 0-0: Ball
1-0: Called Strike
1-1: Ball
2-1: Foul Ball, location: 2F
2-2: Strikes out swinging
Batting: SHB Keith Mihas 0-0: Foul Ball, location: 2F
0-1: Ball
1-1: Foul Ball, location: 2F
1-2: Ball
2-2: SINGLE (Groundball, 56S, EV 73.1 MPH) (infield hit)
Batting: LHB Chris McNay 0-0: Called Strike
0-1: Ball
1-1: Ball
2-1: Ground out 6-3 (Groundball, P, EV 84.4 MPH)
Top of the 1st over - 0 runs, 1 hit, 0 errors, 1 left on base; University of South Carolina 0 - Fresno State University 0
BOTTOM OF THE 1ST
Fresno State University Bulldogs batting - Pitching for University of South Carolina Gamecocks : RHP Sammy Armstrong
Pitching: RHP Sammy Armstrong
Batting: RHB Tony Nowak 0-0: Ground out 5-3 (Groundball, 56S, EV 65.0 MPH)
Batting: LHB Ollie Strauss 0-0: Ball
1-0: Called Strike
1-1: Ball
2-1: Swinging Strike
2-2: Foul Ball, location: 2F
2-2: TRIPLE (Flyball, 89XD, EV 105.6 MPH)
Batting: SHB Carlton Stannard 0-0: Fly out, F7 (Flyball, 78D, EV 103.8 MPH)
Runner from 3rd tags up, SCORES, throw by LF
Batting: RHB Sandy Munoz 0-0: Foul Ball, location: 2F
0-1: Ball
1-1: Ball
2-1: SINGLE (Groundball, 34D, EV 110.0 MPH)
Batting: LHB Abraham Batista 0-0: Ball
1-0: Ball
2-0: Swinging Strike
2-1: Called Strike
2-2: Strikes out looking
Bottom of the 1st over - 1 run, 2 hits, 0 errors, 1 left on base; University of South Carolina 0 - Fresno State University 1
TOP OF THE 2ND
University of South Carolina Gamecocks batting - Pitching for Fresno State University Bulldogs : RHP Dave Heck
Batting: RHB Brian Passalacqua 0-0: Fly out, F8 (Flyball, 8LXD, EV 91.9 MPH)
Batting: RHB Phil Hanley 0-0: Ball
1-0: Foul Ball, location: 2F
1-1: Swinging Strike
1-2: Fly out, F8 (Flyball, 89D, EV 83.8 MPH)
Batting: RHB Jeff Swanson 0-0: Called Strike
0-1: Ball
1-1: Ball
2-1: Called Strike
2-2: Fly out, F8 (Flyball, 8RD, EV 91.2 MPH)
Top of the 2nd over - 0 runs, 0 hits, 0 errors, 0 left on base; University of South Carolina 0 - Fresno State University 1
BOTTOM OF THE 2ND
Fresno State University Bulldogs batting - Pitching for University of South Carolina Gamecocks : RHP Sammy Armstrong
Batting: RHB Danilo Baldia 0-0: Called Strike
0-1: Ground out 5-3 (Groundball, 5L, EV 90.6 MPH)
Batting: RHB John Chapman 0-0: Ball
1-0: Fly out, F8 (Flyball, 89M, EV 89.4 MPH)
Batting: RHB Sinfronio Carreon 0-0: Ball
1-0: Foul Ball, location: 2F
1-1: Foul Ball, location: 2F
1-2: SINGLE (Groundball, 4MD, EV 96.9 MPH)
Batting: RHB Ryan Roberts 0-0: Ball
1-0: Foul Ball, location: 2F
1-1: Called Strike
1-2: Ball
2-2: Fly out, F8 (Flyball, 78M, EV 72.5 MPH)
Bottom of the 2nd over - 0 runs, 1 hit, 0 errors, 1 left on base; University of South Carolina 0 - Fresno State University 1
TOP OF THE 3RD
University of South Carolina Gamecocks batting - Pitching for Fresno State University Bulldogs : RHP Dave Heck
Batting: RHB Ben Turner 0-0: Ball
1-0: Ground out 4-3 (Groundball, 4, EV 83.8 MPH)
Batting: RHB Keith Lynch 0-0: Ball
1-0: Fly out, F8 (Flyball, 8RD, EV 86.9 MPH)
Batting: RHB Justin Kurutz 0-0: Ball
1-0: Called Strike
1-1: SOLO HOME RUN (Flyball, 78XD, EV 98.8 MPH), Distance : 406 ft
Batting: LHB Bert Webster 0-0: Ball
1-0: SINGLE (Flyball, 8RS, EV 96.2 MPH)
Batting: SHB Keith Mihas 0-0: Fly out, F7 (Flyball, 7S, EV 95.6 MPH)
Top of the 3rd over - 1 run, 2 hits, 0 errors, 1 left on base; University of South Carolina 1 - Fresno State University 1
BOTTOM OF THE 3RD
Fresno State University Bulldogs batting - Pitching for University of South Carolina Gamecocks : RHP Sammy Armstrong
Batting: RHB Tony Nowak 0-0: Swinging Strike
0-1: Swinging Strike
0-2: Ball
1-2: Foul Ball, location: 2F
1-2: Foul Ball, location: 2F
1-2: SINGLE (Groundball, 6M, EV 100.6 MPH) (infield hit)
Batting: LHB Ollie Strauss 0-0: Ball
1-0: Fielders Choice at 2nd, 4-6 (Groundball, 4, EV 83.8 MPH)
Batting: SHB Carlton Stannard Pickoff Play to 1st, Runner tries for 2nd, OUT after rundown.
0-0: Ball
1-0: Foul Ball, location: 2F
1-1: Fly out, F9 (Flyball, 89S, EV 83.1 MPH)
Bottom of the 3rd over - 0 runs, 1 hit, 0 errors, 0 left on base; University of South Carolina 1 - Fresno State University 1
TOP OF THE 4TH
University of South Carolina Gamecocks batting - Pitching for Fresno State University Bulldogs : RHP Dave Heck
Batting: LHB Chris McNay 0-0: Ball
1-0: Ball
2-0: Called Strike
2-1: Ground out 6-3 (Groundball, 6M, EV 85.0 MPH)
Batting: RHB Brian Passalacqua 0-0: Called Strike
0-1: Ball
1-1: Ground out 6-3 (Groundball, 6, EV 106.9 MPH)
Batting: RHB Phil Hanley 0-0: Ball
1-0: Ball
2-0: Ball
3-0: Called Strike
3-1: Fly out, F8 (Line Drive, 89D, EV 100.0 MPH)
Top of the 4th over - 0 runs, 0 hits, 0 errors, 0 left on base; University of South Carolina 1 - Fresno State University 1
BOTTOM OF THE 4TH
Fresno State University Bulldogs batting - Pitching for University of South Carolina Gamecocks : RHP Sammy Armstrong
Batting: RHB Sandy Munoz 0-0: Ball
1-0: Called Strike
1-1: Called Strike
1-2: Ball
2-2: Ball
3-2: Fly out, F8 (Flyball, 8LXD, EV 99.4 MPH)
Batting: LHB Abraham Batista 0-0: Foul Ball, location: 2F
0-1: Foul Ball, location: 2F
0-2: Ball
1-2: SOLO HOME RUN (Flyball, 9LD, EV 91.9 MPH), Distance : 345 ft
Batting: RHB Danilo Baldia 0-0: Called Strike
0-1: Called Strike
0-2: Ball
1-2: Ball
2-2: Foul Ball, location: 2F
2-2: Foul Ball, location: 2F
2-2: DOUBLE (Line Drive, 8RXD, EV 106.9 MPH)
Batting: RHB John Chapman 0-0: Called Strike
0-1: Ball
1-1: Ball
2-1: Ball
3-1: Ground out 5-3 (Groundball, 56S, EV 68.1 MPH)
Danilo Baldia to third
Batting: RHB Sinfronio Carreon 0-0: Ball
1-0: Foul Ball, location: 2F
1-1: Ground out 3-1 (Groundball, 34S, EV 86.9 MPH)
Bottom of the 4th over - 1 run, 2 hits, 0 errors, 1 left on base; University of South Carolina 1 - Fresno State University 2
TOP OF THE 5TH
University of South Carolina Gamecocks batting - Pitching for Fresno State University Bulldogs : RHP Dave Heck
Batting: RHB Jeff Swanson 0-0: Ball
1-0: Ball
2-0: SINGLE (Groundball, 4D, EV 98.1 MPH)
Batting: RHB Ben Turner 0-0: Foul Ball, location: 2F
0-1: Foul Ball, location: 2F
0-2: Ball
1-2: Foul Ball, location: 2F
1-2: Ball
2-2: Strikes out swinging
Batting: RHB Keith Lynch 0-0: Fly out, F8 (Line Drive, 8RM, EV 104.4 MPH)
Batting: RHB Justin Kurutz 0-0: Ball
1-0: Foul Ball, location: 2F
1-1: Foul Ball, location: 2F
1-2: Foul Ball, location: 2F
1-2: Ball
2-2: Ball
3-2: Foul Ball, location: 2F
3-2: SINGLE (Flyball, 3D, EV 95.6 MPH)
Jeff Swanson to second
Jeff Swanson to third
Batting: LHB Bert Webster 0-0: Swinging Strike
0-1: Ball
1-1: SINGLE (Flyball, 9S, EV 89.4 MPH)
Jeff Swanson scores
Justin Kurutz to second
Runner from 2nd tries for 3rd, SAFE, no throw by RF
Batting: SHB Keith Mihas 0-0: Ball
1-0: Ball
2-0: Ball
3-0: Called Strike
3-1: Fly out, F9 (Flyball, 9S, EV 85.0 MPH)
Top of the 5th over - 1 run, 3 hits, 0 errors, 2 left on base; University of South Carolina 2 - Fresno State University 2
BOTTOM OF THE 5TH
Fresno State University Bulldogs batting - Pitching for University of South Carolina Gamecocks : RHP Sammy Armstrong
Batting: RHB Ryan Roberts 0-0: Ball
1-0: Fly out, F8 (Flyball, 8LM, EV 86.2 MPH)
Batting: RHB Tony Nowak 0-0: Ball
1-0: Ball
2-0: Ball
3-0: Called Strike
3-1: Base on Balls
Batting: LHB Ollie Strauss 0-0: Called Strike
0-1: Called Strike
0-2: Grounds into double play, 4-6-3 (Groundball, 4S, EV 85.0 MPH)
Bottom of the 5th over - 0 runs, 0 hits, 0 errors, 0 left on base; University of South Carolina 2 - Fresno State University 2
TOP OF THE 6TH
University of South Carolina Gamecocks batting - Pitching for Fresno State University Bulldogs : RHP Dave Heck
Batting: LHB Chris McNay 0-0: Foul Ball, location: 2F
0-1: Foul Ball, location: 2F
0-2: Fly out, F9 (Flyball, 89M, EV 76.9 MPH)
Batting: RHB Brian Passalacqua 0-0: Fly out, F7 (Flyball, 78M, EV 96.9 MPH)
Batting: RHB Phil Hanley 0-0: Foul Ball, location: 2F
0-1: Ball
1-1: Ball
2-1: Foul Ball, location: 2F
2-2: Ground out 1-3 (Groundball, 13, EV 71.2 MPH)
Top of the 6th over - 0 runs, 0 hits, 0 errors, 0 left on base; University of South Carolina 2 - Fresno State University 2
BOTTOM OF THE 6TH
Fresno State University Bulldogs batting - Pitching for University of South Carolina Gamecocks : RHP Sammy Armstrong
Batting: SHB Carlton Stannard 0-0: Ground out 6-3 (Groundball, 6, EV 91.2 MPH)
Batting: RHB Sandy Munoz 0-0: Called Strike
0-1: Ball
1-1: Foul Ball, location: 2F
1-2: Ball
2-2: Fly out, F7 (Line Drive, 7, EV 95.6 MPH)
Batting: LHB Abraham Batista 0-0: Ground out 6-3 (Groundball, 6, EV 81.9 MPH)
Bottom of the 6th over - 0 runs, 0 hits, 0 errors, 0 left on base; University of South Carolina 2 - Fresno State University 2
TOP OF THE 7TH
University of South Carolina Gamecocks batting - Pitching for Fresno State University Bulldogs : RHP Dave Heck
Pitching: RHP Oscar Zetino
Batting: RHB Jeff Swanson 0-0: Called Strike
0-1: Ball
1-1: Foul Ball, location: 2F
1-2: Foul Ball, location: 2F
1-2: Strikes out swinging
Batting: RHB Ben Turner 0-0: Ball
1-0: Ball
2-0: Ball
3-0: Base on Balls
Batting: RHB Keith Lynch 0-0: Ball
1-0: Ball
2-0: Fly out, F8 (Flyball, 8RD, EV 84.4 MPH)
Batting: RHB Justin Kurutz 0-0: Fielders Choice at 2nd, 6-4 (Groundball, 6, EV 89.4 MPH)
Top of the 7th over - 0 runs, 0 hits, 0 errors, 1 left on base; University of South Carolina 2 - Fresno State University 2
BOTTOM OF THE 7TH
Fresno State University Bulldogs batting - Pitching for University of South Carolina Gamecocks : RHP Sammy Armstrong
Pitching: RHP Danny Ramos
Batting: RHB Danilo Baldia 0-0: Ground out 5-3 (Groundball, 5, EV 86.2 MPH)
Batting: RHB John Chapman 0-0: Called Strike
0-1: Fly out, F7 (Line Drive, 78S, EV 93.1 MPH)
Batting: RHB Sinfronio Carreon 0-0: Ball
1-0: Foul Ball, location: 2F
1-1: Fly out, F9 (Flyball, 89S, EV 88.8 MPH)
Bottom of the 7th over - 0 runs, 0 hits, 0 errors, 0 left on base; University of South Carolina 2 - Fresno State University 2
TOP OF THE 8TH
University of South Carolina Gamecocks batting - Pitching for Fresno State University Bulldogs : RHP Oscar Zetino
Pitching: LHP Denis van de Kolk
Batting: LHB Bert Webster 0-0: Called Strike
0-1: Called Strike
0-2: Ground out 6-3 (Groundball, 6, EV 87.5 MPH)
Batting: SHB Keith Mihas 0-0: Ball
1-0: Fly out, F4 (Line Drive, 4, EV 71.2 MPH)
Batting: LHB Chris McNay 0-0: Ground out 4-3 (Groundball, 34, EV 101.2 MPH)
Top of the 8th over - 0 runs, 0 hits, 0 errors, 0 left on base; University of South Carolina 2 - Fresno State University 2
BOTTOM OF THE 8TH
Fresno State University Bulldogs batting - Pitching for University of South Carolina Gamecocks : RHP Danny Ramos
Pitching: RHP Scott Arthur
Pinch Hitting: LHB Brad Benanti 0-0: Called Strike
0-1: Foul Ball, location: 2F
0-2: Ball
1-2: SINGLE (Groundball, 34D, EV 81.2 MPH) (infield hit)
Batting: RHB Tony Nowak 0-0: Called Strike
0-1: Sac Bunt to 2R - play at first, batter OUT! 2-3
Brad Benanti to second
Batting: LHB Ollie Strauss 0-0: Ball
1-0: Swinging Strike
1-1: Called Strike
1-2: Foul Ball, location: 2F
1-2: Foul Ball, location: 2F
1-2: Strikes out looking
Batting: SHB Carlton Stannard 0-0: Ball
1-0: Foul Ball, location: 2F
1-1: Ball
2-1: Foul Ball, location: 2F
2-2: Foul Ball, location: 2F
2-2: Foul Ball, location: 2F
2-2: Foul Ball, location: 2F
2-2: Ball
3-2: Fly out, F8 (Flyball, 8LM, EV 78.8 MPH)
Bottom of the 8th over - 0 runs, 1 hit, 0 errors, 1 left on base; University of South Carolina 2 - Fresno State University 2
TOP OF THE 9TH
University of South Carolina Gamecocks batting - Pitching for Fresno State University Bulldogs : LHP Denis van de Kolk
Pitching: RHP Antonio Levario
Now at C: Victor Rangel
Batting: RHB Brian Passalacqua 0-0: Foul Ball, location: 2F
0-1: Foul Ball, location: 2F
0-2: Fly out, F7 (Line Drive, 7D, EV 86.9 MPH)
Batting: RHB Phil Hanley 0-0: Called Strike
0-1: Ball
1-1: Ball
2-1: Ground out 4-3 (Groundball, 4, EV 100.6 MPH)
Batting: RHB Jeff Swanson 0-0: Foul Ball, location: 2F
0-1: Ball
1-1: Ball
2-1: Fly out, F7 (Flyball, 7, EV 88.8 MPH)
Top of the 9th over - 0 runs, 0 hits, 0 errors, 0 left on base; University of South Carolina 2 - Fresno State University 2
BOTTOM OF THE 9TH
Fresno State University Bulldogs batting - Pitching for University of South Carolina Gamecocks : RHP Scott Arthur
Pitching: RHP Juan Lazo
Batting: RHB Sandy Munoz 0-0: Ball
1-0: Called Strike
1-1: Foul Ball, location: 2F
1-2: Ball
2-2: Ball
3-2: Foul Ball, location: 2F
3-2: Foul Ball, location: 2F
3-2: Foul Ball, location: 2F
3-2: SINGLE (Groundball, 34D, EV 105.0 MPH)
Pitching: LHP Cris Duran
Batting: LHB Abraham Batista 0-0: Fly out, F7 (Flyball, 78M, EV 81.2 MPH)
Pitching: RHP Carey Yarn
Batting: RHB Danilo Baldia 0-0: Ball
1-0: Reached on error, E6 (Groundball, 6, EV 103.1 MPH)
Sandy Munoz to second
Batting: RHB John Chapman 0-0: Ball
1-0: Ball
2-0: Ball
3-0: Called Strike
3-1: Fielders Choice at 2nd, 1-4 (Groundball, 15S, EV 73.1 MPH)
Sandy Munoz to third
Batting: RHB Sinfronio Carreon 0-0: Foul Ball, location: 2F
0-1: Foul Ball, location: 2F
0-2: Ball
1-2: Strikes out looking
Bottom of the 9th over - 0 runs, 1 hit, 1 error, 2 left on base; University of South Carolina 2 - Fresno State University 2
TOP OF THE 10TH
University of South Carolina Gamecocks batting - Pitching for Fresno State University Bulldogs : RHP Antonio Levario
Batting: RHB Ben Turner 0-0: Ball
1-0: Ball
2-0: Foul Ball, location: 2F
2-1: Foul Ball, location: 2F
2-2: Strikes out swinging
Pinch Hitting: LHB David Fowler 0-0: Ball
1-0: Called Strike
1-1: SINGLE (Groundball, 34D, EV 96.2 MPH)
Batting: RHB Justin Kurutz 0-0: Fly out, F8 (Flyball, 8LXD, EV 98.1 MPH)
Pitching: RHP Milojica Mrdja
Batting: LHB Bert Webster 0-0: Called Strike
0-1: Fly out, F9 (Flyball, 9D, EV 83.1 MPH)
Top of the 10th over - 0 runs, 1 hit, 0 errors, 1 left on base; University of South Carolina 2 - Fresno State University 2
BOTTOM OF THE 10TH
Fresno State University Bulldogs batting - Pitching for University of South Carolina Gamecocks : RHP Carey Yarn
Pitching: RHP Nelson Knopp
Now in RF: David Fowler
Pinch Hitting: LHB Moktar Ame 0-0: Called Strike
0-1: Foul Ball, location: 2F
0-2: Strikes out swinging
Batting: RHB Tony Nowak 0-0: Ball
1-0: Called Strike
1-1: Fly out, F8 (Flyball, 8RM, EV 90.6 MPH)
Batting: LHB Ollie Strauss 0-0: Ball
1-0: Ground out 5-3 (Groundball, 56, EV 86.9 MPH)
Bottom of the 10th over - 0 runs, 0 hits, 0 errors, 0 left on base; University of South Carolina 2 - Fresno State University 2
TOP OF THE 11TH
University of South Carolina Gamecocks batting - Pitching for Fresno State University Bulldogs : RHP Milojica Mrdja
Now at C: Charles Shaw
Batting: SHB Keith Mihas 0-0: Ground out 6-3 (Groundball, 6S, EV 90.6 MPH)
Batting: LHB Chris McNay 0-0: Fly out, F7 (Flyball, 7, EV 93.1 MPH)
Batting: RHB Brian Passalacqua 0-0: Ball
1-0: Ball
2-0: Ball
3-0: Base on Balls
Batting: RHB Phil Hanley 0-0: DOUBLE (Flyball, 89D, EV 90.6 MPH)
Brian Passalacqua to third
Runner from 3rd tries for Home, SAFE, throw by CF to trailing runner, SAFE at third!
Batting: RHB Jeff Swanson 0-0: Ground out 6-3 (Groundball, 6, EV 91.2 MPH)
Top of the 11th over - 1 run, 1 hit, 0 errors, 1 left on base; University of South Carolina 3 - Fresno State University 2
BOTTOM OF THE 11TH
Fresno State University Bulldogs batting - Pitching for University of South Carolina Gamecocks : RHP Nelson Knopp
Now at 2B: Danny Narvaez
Now in LF: Jörg Young
Batting: SHB Carlton Stannard 0-0: Ball
1-0: Ground out 4-3 (Groundball, 34S, EV 84.4 MPH)
Batting: RHB Sandy Munoz 0-0: Ball
1-0: Fly out, F9 (Flyball, 9D, EV 89.4 MPH)
Batting: LHB Abraham Batista 0-0: Ball
1-0: Foul Ball, location: 2F
1-1: Swinging Strike
1-2: Strikes out swinging
Bottom of the 11th over - 0 runs, 0 hits, 0 errors, 0 left on base; University of South Carolina 3 - Fresno State University 2
Thursday, December 15th , 2022 - OOTP Baseball 23.9 Build 102